Map: Pillars of Gold LE

Players

Serral

  • Race: Zerg Zerg
  • Spawn Location: 7:00

Stats - Winner!

  • Race: Protoss Protoss
  • Spawn Location: 1:00

Event: DreamHack SC2 Masters 2020 Winter

VOD

Have the link to the VOD?

Description

Time

  • Played on: Nov. 15, 2020, 11:35 a.m.
  • Length: 13:57

All games in this series

Show
View Real Time Build Order
Export as new Build Order

Serral Zerg 

Build Orders: Pool First 

Get SALT Encoding   

  12  0:00  Drone  
  13  0:14  Overlord  
  13  0:18  Drone  
  14  0:32  Drone x2  
  16  0:42  Spawning Pool  
  15  0:46  Drone  
  16  0:50  Drone  
  17  1:11  Drone  
  17  1:15  Extractor  
  17  1:19  Hatchery  
  17  1:23  Drone  
  17  1:29  Zergling x2  
  17  1:30  Zergling x2  
  19  1:37  Queen  
  21  1:45  Overlord  
  21  1:51  Drone  
  22  2:04  Drone  
  23  2:12  Drone  
  23  2:13  Queen  
  23  2:14  Metabolic Boost  
  26  2:23  Drone  
  27  2:31  Drone, Queen  
  27  2:35  Drone  
  31  2:44  Overlord  
  31  2:49  Drone x3  
  34  2:54  Drone  
  35  3:02  Zergling x2  
  36  3:08  Spore Crawler  
  35  3:13  Hatchery  
  35  3:17  Drone  
  35  3:19  Drone x3  
  38  3:23  Drone  
  38  3:25  Overlord  
  39  3:28  Drone  
  39  3:31  Drone  
  41  3:40  Drone x2  
  43  3:43  Queen  
  43  3:44  Overlord  
  45  3:49  Overlord  
  45  3:52  Drone x2  
  47  3:57  Zergling x4  
  47  3:58  Drone  
  47  3:59  Drone  
  47  4:02  Drone  
  52  4:03  Drone  
  53  4:10  Drone x2  
  54  4:21  Drone x2, Spore Crawler  
  55  4:24  Queen  
  55  4:25  Drone  
  55  4:27  Spore Crawler  
  55  4:28  Spore Crawler  
  55  4:29  Drone x3  
  59  4:35  Roach Warren  
  58  4:39  Lair  
  58  4:41  Zergling x2  
  58  4:43  Drone  
  58  4:44  Drone  
  61  4:47  Extractor x2  
  61  4:51  Zergling x4  
  61  4:52  Drone x2  
  63  4:53  Drone  
  63  4:55  Drone x2  
  66  5:00  Overlord  
  66  5:02  Evolution Chamber  
  66  5:06  Drone x2  
  66  5:10  Spore Crawler  
  66  5:12  Spore Crawler  
  66  5:14  Overlord  
  65  5:15  Drone  
  65  5:20  Drone x3  
  65  5:21  Overlord x2  
  69  5:25  Drone x2, Extractor  
  70  5:31  Drone x2, Zerg Melee Weapons Level 1  
  72  5:35  Drone x2  
  72  5:40  Spire  
  72  5:41  Drone x4  
  75  5:43  Extractor  
  75  5:44  Drone, Extractor  
  75  5:45  Drone  
  75  5:54  Overlord  
  75  5:55  Drone x4  
  79  6:00  Overlord  
  79  6:12  Overlord  
  79  6:14  Drone x3  
  79  6:15  Overlord  
  84  6:23  Hatchery  
  87  6:27  Overlord  
  87  6:31  Zergling x8  
  90  6:38  Drone, Overlord  
  85  6:40  Overlord  
  85  6:55  Mutalisk x11  
  85  6:58  Zergling x2  
  85  7:01  Zerg Flyer Weapons Level 1  
  108  7:06  Zergling x6  
  110  7:12  Drone  
  110  7:13  Drone x5  
  116  7:16  Hatchery  
  116  7:22  Zergling x10  
  117  7:39  Drone x2  
  117  7:40  Corruptor x5  
  129  7:45  Extractor  
  129  7:48  Extractor  
  125  7:52  Corruptor x3  
  125  7:56  Drone  
  125  7:57  Drone  
  125  7:58  Drone x5  
  138  8:03  Corruptor x2  
  140  8:11  Overlord x2  
  140  8:13  Drone x5  
  140  8:19  Corruptor x2  
  149  8:33  Corruptor x4  
  147  8:40  Drone x6  
  146  8:43  Extractor, Corruptor  
  146  8:46  Glial Reconstitution  
  141  8:49  Extractor  
  141  8:54  Corruptor x2  
  144  8:58  Zerg Missile Weapons Level 1  
  144  9:02  Roach x4  
  152  9:07  Corruptor  
  154  9:11  Zergling x6  
  154  9:12  Zerg Flyer Weapons Level 2  
  157  9:17  Infestation Pit, Overlord  
  157  9:18  Overlord x2  
  157  9:20  Corruptor  
  158  9:35  Roach  
  158  9:36  Roach x8  
  178  9:42  Baneling Nest  
  177  9:47  Overlord  
  177  9:53  Roach x11  
  197  10:00  Overlord  
  197  10:05  Hatchery, Overlord  
  197  10:06  Overlord  
  189  10:17  Ravager x4  
  189  10:18  Ravager x4  
  189  10:20  Roach x3  
  171  10:36  Roach x11  
  189  10:45  Hive  
  189  10:55  Zerg Missile Weapons Level 2  
  187  11:02  Ravager  
  188  11:04  Hatchery  
  188  11:07  Zergling x26  
  188  11:08  Centrifical Hooks  
  200  11:13  Hatchery  
  187  11:18  Roach  
  187  11:19  Roach x6  
  187  11:24  Roach x4  
  192  11:30  Baneling x5  
  192  11:31  Baneling x5, Roach  
  183  11:39  Ravager  
  184  11:40  Baneling x4  
  185  11:48  Zergling x2, Roach x4, Ravager x2  
  185  11:49  Zergling x10  
  185  12:04  Roach x5, Zergling x16  
  186  12:13  Roach x5  
  187  12:24  Ravager  
  187  12:25  Tunneling Claws, Burrow  
  187  12:29  Drone x2  
  190  12:33  Roach x3  
  190  12:36  Ravager  
  190  12:37  Ravager  
  194  12:42  Roach  
  194  12:43  Roach x3  
  172  13:13  Roach x6, Zergling x16  
  172  13:18  Roach x14  
  163  13:25  Ravager x2  
  163  13:26  Ravager x2  
  164  13:28  Roach x4  
  171  13:34  Roach x3  
Show
View Real Time Build Order
Export as new Build Order

Stats Protoss - Winner!

Build Orders: 1 Gate Expand 

Get SALT Encoding   

  12  0:00  Probe  
  13  0:14  Pylon  
  13  0:18  Probe (Chrono Boost)  
  14  0:27  Probe (Chrono Boost)  
  15  0:32  Probe  
  16  0:41  Gateway  
  16  0:44  Probe  
  17  0:50  Assimilator  
  17  0:56  Probe  
  18  1:08  Probe  
  19  1:20  Probe  
  20  1:28  Cybernetics Core  
  20  1:37  Nexus  
  20  1:43  Zealot  
  22  1:50  Pylon  
  22  1:53  Probe  
  23  2:00  Assimilator  
  23  2:09  Warp Gate, Adept (Chrono Boost), Probe (Chrono Boost)  
  26  2:21  Probe (Chrono Boost)  
  27  2:26  Probe (Chrono Boost)  
  28  2:31  Gateway  
  29  2:37  Probe  
  31  2:47  Stargate  
  31  2:50  Probe (Chrono Boost)  
  31  2:51  Probe (Chrono Boost)  
  31  2:56  Stalker  
  33  3:04  Probe (Chrono Boost)  
  35  3:09  Probe (Chrono Boost)  
  35  3:11  Probe (Chrono Boost)  
  36  3:15  Probe (Chrono Boost)  
  36  3:23  Probe (Chrono Boost)  
  36  3:24  Pylon  
  36  3:25  Void Ray (Chrono Boost)  
  37  3:27  Probe (Chrono Boost)  
  37  3:33  Probe (Chrono Boost)  
  42  3:36  Probe  
  43  3:43  Probe  
  43  3:45  Pylon  
  44  3:48  Probe  
  44  3:55  Probe  
  46  3:56  Adept  
  46  4:01  Probe  
  49  4:05  Oracle (Chrono Boost)  
  49  4:06  Pylon  
  49  4:07  Probe  
  53  4:17  Probe  
  53  4:19  Probe  
  54  4:26  Nexus  
  54  4:29  Assimilator  
  54  4:34  Assimilator  
  54  4:35  Probe x2  
  56  4:45  Stargate  
  56  4:46  Stargate  
  56  4:47  Probe x2  
  58  4:59  Probe x2  
  60  5:00  Pylon  
  60  5:02  Void Ray  
  60  5:11  Probe x2  
  66  5:23  Probe x2  
  66  5:24  Void Ray  
  68  5:32  Shield Battery  
  68  5:34  Adept  
  68  5:35  Probe x2 (Chrono Boost)  
  76  5:37  Pylon  
  76  5:38  Void Ray  
  76  5:40  Probe (Chrono Boost)  
  77  5:47  Probe (Chrono Boost)  
  77  5:48  Assimilator, Probe (Chrono Boost)  
  83  5:50  Assimilator  
  83  5:52  Void Ray  
  83  5:54  Probe (Chrono Boost)  
  83  5:55  Probe x2 (Chrono Boost)  
  86  6:01  Void Ray  
  86  6:02  Probe x3  
  93  6:10  Pylon  
  97  6:11  Pylon  
  97  6:18  Probe x3  
  100  6:22  Void Ray  
  100  6:27  Pylon  
  100  6:29  Pylon  
  100  6:30  Probe x3, Void Ray  
  111  6:42  Probe  
  111  6:43  Forge  
  111  6:45  Twilight Council  
  112  6:57  Gateway x2  
  112  6:59  Gateway  
  112  7:01  Pylon  
  112  7:07  Nexus  
  112  7:09  Pylon  
  112  7:13  Gateway, Pylon  
  112  7:16  Gateway  
  112  7:17  Protoss Ground Weapons Level 1  
  112  7:19  Shield Battery  
  112  7:20  Probe x3  
  115  7:28  Charge  
  115  7:29  Templar Archives  
  115  7:32  Gateway, Probe  
  115  7:33  Probe x2  
  118  7:37  Phoenix x2 (Chrono Boost)  
  118  7:38  Phoenix (Chrono Boost)  
  124  7:44  Robotics Facility  
  124  7:46  Photon Cannon  
  124  7:50  Photon Cannon  
  119  7:53  Probe x3  
  119  7:57  Phoenix  
  120  8:01  Phoenix  
  120  8:04  Psionic Storm  
  121  8:05  Probe  
  121  8:11  Probe x2  
  123  8:14  Assimilator  
  123  8:15  Assimilator  
  123  8:17  Shield Battery, Probe  
  123  8:18  Shield Battery  
  124  8:20  High Templar x4  
  132  8:30  Zealot x3  
  138  8:37  Probe  
  138  8:38  Probe x3  
  140  8:49  Probe  
  140  8:50  Probe x3  
  140  8:51  Observer (Chrono Boost)  
  140  8:53  Gateway  
  140  8:54  Gateway  
  141  9:05  Warp Prism (Chrono Boost)  
  141  9:06  Photon Cannon  
  141  9:07  High Templar x4  
  141  9:08  Photon Cannon  
  151  9:11  Archon x2  
  151  9:15  Protoss Ground Weapons Level 2 (Chrono Boost)  
  151  9:16  High Templar x2, Zealot x2  
  159  9:19  Gateway  
  159  9:21  Pylon  
  159  9:23  Archon  
  159  9:24  Pylon  
  157  9:38  Pylon  
  153  9:40  Pylon  
  153  9:41  High Templar x2  
  153  9:42  Zealot x4  
  165  9:46  Archon  
  165  9:51  Zealot x3  
  167  9:53  Immortal (Chrono Boost)  
  171  10:02  Pylon  
  171  10:04  Adept x2  
  175  10:10  Zealot x2  
  175  10:11  Zealot  
  169  10:17  Zealot x6  
  175  10:30  Immortal (Chrono Boost)  
  175  10:31  Blink (Chrono Boost)  
  159  10:40  High Templar x4  
  159  10:41  High Templar x2  
  167  10:48  Stalker x5  
  177  10:50  Archon x2  
  177  10:51  Archon  
  177  10:59  Immortal (Chrono Boost)  
  177  11:01  Photon Cannon  
  181  11:10  Nexus  
  181  11:13  Pylon  
  163  11:18  High Templar x3  
  163  11:19  Zealot x4  
  163  11:22  High Templar, Zealot x3  
  163  11:23  Archon x2  
  175  11:32  Archon  
  165  11:45  Stalker x4  
  165  11:46  Stalker x3  
  158  12:11  Stalker x2  
  158  12:12  Stalker x8  
  158  12:13  Stalker  
  166  12:28  Assimilator  
  166  12:31  Assimilator  
  166  12:37  Robotics Facility  
  166  12:39  Stalker x4  
  166  12:43  Stalker  
  166  12:44  Stalker x5  
  182  13:04  Photon Cannon  
  182  13:05  Shield Battery  
  182  13:12  Stalker x4  
  180  13:14  Archon  
  180  13:18  Stalker x4  
  180  13:19  Stalker x3  
  175  13:37  High Templar x2  
  175  13:38  High Templar x2  
Tags
 
Add a new tag
Caveats
  • Supply blocks, unpowered buildings, or Contaminate may cause inaccurate times.
  • Supply counts are checked every 10 seconds.